 Dungeon Crawl Stone Soup version 0.23.2-1-ga50397a6bc (webtiles) character file.

Game seed: 18008339674159532419

50 Jaijje the Skirmisher (level 3, -1/22 HPs)
             Began as a Gargoyle Skald on May 19, 2019.
             Slain by Robin
             ... wielding a +0 short sword
              (4 damage)
             ... on level 2 of the Dungeon.
             The game lasted 00:03:24 (1250 turns).

Jaijje the Skirmisher (Gargoyle Skald)              Turns: 1250, Time: 00:03:25

Health: -1/22      AC:  6    Str: 15    XL:     3   Next: 79%
Magic:  6/6        EV:  9    Int: 18    God:
Gold:   69         SH:  8    Dex:  9    Spells: 5/6 levels left

rFire    + + .     SeeInvis .   a - +0 spear
rCold    + . .     Gourm    .   f - +2 shield {rF+}
rNeg     + . .     Faith    .   b - +0 leather armour
rPois    ∞         Spirit   .   (no helmet)
rElec    +         Reflect  .   (no cloak)
rCorr    +         Harm     .   (no gloves)
MR       .....                  (no boots)
Stlth    +.........             (no amulet)
HPRegen  0.07/turn              (no ring)
MPRegen  0.10/turn              (no ring)

@: brilliant, resistant, flying, hasted, very quick
A: negative energy resistance 1, electricity resistance, unbreathing,
petrification resistance, rot immunity, AC +3
a: no special abilities


You were on level 2 of the Dungeon.
You were not hungry.

You visited 1 branch of the dungeon, and saw 2 of its levels.

You collected 69 gold pieces.

Inventory:

Hand Weapons
 a - a +0 spear (weapon)
Missiles
 e - 6 tomahawks (quivered)
Armour
 b - a +0 leather armour (worn)
 f - a +2 shield of fire resistance (worn)
Comestibles
 d - 2 rations


   Skills:
 * Level 2.9 Fighting
 + Level 2.2 Polearms
 + Level 1.7 Armour
 + Level 2.0 Dodging
 - Level 2.1 Spellcasting
 - Level 2.8 Charms


You had 5 spell levels left.
You knew the following spells:

 Your Spells              Type           Power        Failure   Level  Hunger
a - Infusion              Chrm           ###.         5%          1    #......

Your spell library contained the following spells:

 Spells                   Type           Power        Failure   Level  Hunger
 Song of Slaying          Chrm           ###.....     9%          2    ###....
 Shroud of Golubria       Chrm/Tloc      ###.......   14%         2    ###....
 Regeneration             Chrm/Necr      ###.......   26%         3    ###....
 Spectral Weapon          Hex/Chrm       ###.....     26%         3    ###....


Dungeon Overview and Level Annotations

Branches:
Dungeon (2/15)

Altars:

Annotations:
D:2 Robin


Innate Abilities, Weirdness & Mutations

You are resistant to torment.
Your stone body is resilient. (AC +3)
You are immune to poison.
You resist negative energy. (rN+)
You are resistant to electric shocks. (rElec)
You can survive without breathing.
You are immune to petrification.
You are immune to rotting.


Message History

Robin is moderately wounded.
You block Robin's attack.
You closely miss Robin.
Robin is moderately wounded.
You hit Robin.
Robin is heavily wounded.
You block Robin's attack.
You hit Robin but do no damage.
Robin is heavily wounded.
Robin hits you with a +0 short sword.
* * * LOW HITPOINT WARNING * * *
You closely miss Robin.
Robin is heavily wounded.
Robin closely misses you.
You barely miss Robin.
Robin is heavily wounded.
You hit Robin but do no damage.
Robin is heavily wounded.
Robin hits you with a +0 short sword.
You die...

.# #..........# .#
####.##'############S
.##########.##.# #........
............##.#####........
##############.#g..gS.......
#........#g###........
#.########S# #........ #.#
#g# #......). #.# #@#
#.......g #.# #)# #........
#.# #.# #.......g #.# #(#
....... #.########.#
#[.........# ############


You could see Robin, an adder and 2 goblins.

Vanquished Creatures
  An adder (D:2)
  A dart slug (D:1)
  11 goblins
  2 hobgoblins
  2 jackals (D:1)
  7 kobolds
  2 bats
  A frilled lizard (D:1)
  9 rats (D:1)
36 creatures vanquished.

Notes
Turn   | Place    | Note
-------+----------+-------------------------------------------
     0 | D:1      | Jaijje the Gargoyle Skald began the quest for the Orb.
     0 | D:1      | Reached XP level 1. HP: 12/12 MP: 3/3
   343 | D:1      | Reached XP level 2. HP: 18/18 MP: 5/5
   825 | D:1      | Reached XP level 3. HP: 20/22 MP: 6/6
  1218 | D:2      | Noticed Robin
  1250 | D:2      | Slain by Robin

Skill      XL: |  1  2  3 |
---------------+----------+-----
Polearms       | 2 |  2.2
Dodging        | 2 |  2.0
Fighting       | |  2.9
Armour         | |  1.7
Spellcasting   | |  2.1
Charms         | |  2.8

Action                   || total
-------------------------++-------
Melee: Spear             ||   181
Throw: Tomahawk          ||     2
  Use: Potion            ||     4
  Eat: Chunk             ||     1
Armor: Leather armour    ||    45
Dodge: Dodged            ||    73
Block: Shield            ||    48
